 Dungeon Crawl Stone Soup version 0.31-a0-188-g5e087ee2ca (webtiles) character file.

Game seed: 1325361543114221707

62 qw the Shooter (level 3, -4/20 HPs)
             Began as a Deep Elf Hunter on June 22, 2023.
             Slain by a cerulean imp
             ... wielding a +2 spear
             ... summoned by Natasha
              (5 damage)
             ... on level 2 of the Dungeon.
             The game lasted 00:00:26 (1093 turns).

qw the Shooter (Deep Elf Hunter)                    Turns: 1093, Time: 00:00:27

Health: -4/20      AC:  4    Str: 10    XL:     3   Next: 85%
Magic:  5/5        EV: 12    Int: 13    God:
Gold:   49         SH:  0    Dex: 18    Spells: 2/2 levels left

rFire   . . .        Y - +0 shortbow
rCold   . . .        (shield currently unavailable)
rNeg    . . .        c - +0 leather armour
rPois   .            (no helmet)
rElec   .            d - +0 cloak
rCorr   .            (no gloves)
SInv    .            (no boots)
Will    .....        f - amulet of faith
Stlth   ++           (no ring)
HPRegen 0.23/turn    (no ring)
MPRegen 0.09/turn

%: faith
@: no status effects
A: no striking features
a: no special abilities


You were on level 2 of the Dungeon.
You visited 1 branch of the dungeon, and saw 2 of its levels.

You collected 49 gold pieces.


   Skills:
 - Level 1.5 Fighting
 + Level 7.3 Ranged Weapons
 - Level 2.4 Dodging
 - Level 1.2 Stealth


You had 2 spell levels left.
You didn't know any spells.
Your spell library was empty.

Inventory:

Hand Weapons
 Y - a +0 shortbow (weapon)
Armour
 c - a +0 leather armour (worn)
 d - a +0 cloak (worn)
Jewellery
 f - an amulet of faith (around neck)
 i - a +4 ring of slaying {mikee}
Scrolls
 b - a scroll of teleportation {unknown}
 g - a scroll of identify {unknown}
Potions
 a - a potion of degeneration {unknown}
 e - a potion of ambrosia {unknown}
 h - a potion of curing {unknown}

Dungeon Overview and Level Annotations

Branches:
Dungeon (2/15)

Altars:

Annotations:
D:2 Natasha


Message History

Natasha moves out of view.
Enter note:
Enter note:
Enter note:
Enter note:
Enter note:
Enter note:
Enter note:
Enter note:
Enter note:
Enter note:
Enter note:
Enter note: You shoot an arrow.
The arrow closely misses Natasha.
Natasha mumbles some strange words.
You shoot an arrow. The arrow hits Natasha!
Natasha is heavily wounded.
You shoot an arrow. The arrow hits Natasha.
Natasha is severely wounded.
You shoot an arrow. The arrow barely misses Natasha.
The arrow hits the cerulean imp.
The cerulean imp is lightly wounded.
You shoot an arrow.
The arrow hits Natasha but does no damage.
Natasha is severely wounded.
Natasha claws you.
You shoot an arrow. The arrow misses Natasha.
The arrow hits the cerulean imp but does no damage.
The cerulean imp is lightly wounded.
The cerulean imp hits you from afar with a +2 spear.
Natasha stares at you and mumbles some strange words.
The magic dart hits you!
You shoot an arrow. The arrow barely misses Natasha.
The arrow hits the cerulean imp.
The cerulean imp is moderately wounded.
The cerulean imp barely misses you. Natasha closely misses you.
You shoot an arrow. The arrow hits Natasha.
Natasha is almost dead.
The cerulean imp hits you from afar with a +2 spear.
You die...

#######..
#@h5.....
#.#####.#
#.# #.#
#.# #.#
#.# #.#
#.#


You could see Natasha and a cerulean imp (summoned).

Vanquished Creatures
  Natasha (D:2)
  A worm (D:2)
  A dart slug (D:1)
  2 ball pythons (D:1)
  A bat (D:1)
  An endoplasm (D:1)
  2 giant cockroaches
  7 hobgoblins
  4 jackals (D:2)
  2 kobolds
  2 quokkas (D:1)
  2 frilled lizards (D:1)
  2 rats (D:1)
28 creatures vanquished.

Notes
Turn   | Place    | Note
-------+----------+-------------------------------------------
     0 | D:1      | qw the Deep Elf Hunter began the quest for the Orb.
     0 | D:1      | Reached XP level 1. HP: 12/12 MP: 3/3
     0 | D:1      | 0 ||| qw: Version: 0.3-a-9-g12657ce
     0 | D:1      | 0 ||| qw: Game counter: 2958
     0 | D:1      | 0 ||| qw: Always use a shield: true
     0 | D:1      | 0 ||| qw: God list: Okawaru
     0 | D:1      | 0 ||| qw: Allow faded altars: false
     0 | D:1      | 0 ||| qw: Do Orc after D:15 true
     0 | D:1      | 0 ||| qw: Do second Lair branch before Depths: true
     0 | D:1      | 0 ||| qw: Lair rune preference: random
     0 | D:1      | 0 ||| qw: Plans: Normal
     0 | D:1      | 0 ||| PLANNING D:1-11
   200 | D:1      | Reached skill level 6 in Ranged Weapons
   200 | D:1      | Reached XP level 2. HP: 16/16 MP: 4/4
   406 | D:1      | Found a faded altar of an unknown god.
   411 | D:1      | 411 ||| Stepping ~*~*~tactically~*~*~ (water).
   413 | D:1      | 413 ||| Stepping ~*~*~tactically~*~*~ (water).
   415 | D:1      | 415 ||| FLEEEEING.
   595 | D:1      | 595 ||| UPGRADING to +0 cloak.
   600 | D:1      | 600 ||| UPGRADING to amulet of faith.
   605 | D:1      | 605 ||| READING 2 scrolls labelled JENYTA DIHEEMM.
   606 | D:1      | 606 ||| DROPPING scroll of fog.
   607 | D:1      | 607 ||| DROPPING scroll of butterflies.
   808 | D:2      | Reached XP level 3. HP: 16/20 MP: 5/5
  1069 | D:2      | Noticed Natasha
  1074 | D:2      | Killed Natasha
  1075 | D:2      | Reached skill level 7 in Ranged Weapons
  1084 | D:2      | Noticed Natasha
  1091 | D:2      | HP: 1/20 [Natasha/magic dart (8)]
  1093 | D:2      | Slain by a cerulean imp

Levels and vault maps discovered:
D:1:      lemuel_arrival_room, layout_loops_cross,
          chequers_ecumenical_altar_island, minmay_misc_feat_iff,
          minmay_misc_feat_doors
D:2:      minmay_door_path, layout_loops_ring, uniq_natasha

Skill      XL: |  1  2  3 |
---------------+----------+-----
Ranged Weapons | 6 7 |  7.3
Fighting       | |  1.5
Dodging        | |  2.4
Stealth        | |  1.2

Action                     || total
---------------------------++-------
   Fire: Shortbow          ||   106
    Use: Scroll            ||     1
 Armour: Leather armour    ||    17
  Dodge: Dodged            ||    33

Table legend:
 A = Non-vault XP
 B = Vault XP
 C = Vault XP percentage of total XP
 D = Non-vault monster count
 E = Vault monster count
 F = Vault count percentage of total count
                 A         B        C        D         E       F
            +---------+---------+-------+---------+---------+-------
      Total |      49 |      40 |  44.9 |      24 |       4 |  14.3
            +---------+---------+-------+---------+---------+-------
        D:1 |      32 |       0 |   0.0 |      17 |       0 |   0.0
        D:2 |      17 |      40 |  70.2 |       7 |       4 |  36.4
            +---------+---------+-------+---------+---------+-------
